 Dungeon Crawl Stone Soup version 0.22.0-78-g6c94d2c (webtiles) character file.

28 Starchild the Charmwright (level 3, 0/28 HPs)
             Began as a Barachi Skald on Sept 16, 2018.
             Succumbed to an adder's poison
             ... on level 2 of the Dungeon.
             The game lasted 00:01:50 (1200 turns).

Starchild the Charmwright (Barachi Skald)           Turns: 1200, Time: 00:01:50

Health: 0/28       AC:  3    Str: 12 (13) XL:     3   Next: 14%
Magic:  1/6        EV: 12    Int: 11 (13) God:
Gold:   17         SH:  0    Dex: 10 (11) Spells: 5/6 levels left

rFire    . . .     SeeInvis .   a - +0 falchion
rCold    . . .     Gourm    .   (no shield)
rNeg     . . .     Faith    .   b - +0 leather armour
rPois    .         Spirit   .   (no helmet)
rElec    .         Reflect  .   (no cloak)
rCorr    .         Harm     .   (no gloves)
MR       .....                  (no boots)
Stlth    +.........             (no amulet)
HPRegen  0.09/turn              (no ring)
MPRegen  0.10/turn              (no ring)

@: lethally poisoned (0 -> -4), infused (expiring), slow
A: +LOS, swims, slowness 1, strong legs 1
a: Hop


You were on level 2 of the Dungeon.
You were very hungry.

You visited 1 branch of the dungeon, and saw 2 of its levels.

You collected 17 gold pieces.

Inventory:

Hand Weapons
 a - a +0 falchion (weapon)
Missiles
 h - 14 stones (quivered)
Armour
 b - a +0 leather armour (worn)
Scrolls
 c - a scroll of fear {unknown}
 f - a scroll of identify {unknown}
 g - a scroll of random uselessness {unknown}
Comestibles
 d - 2 rations


   Skills:
 - Level 2.4 Fighting
 + Level 3.2 Long Blades
 - Level 1.2 Armour
 - Level 2.1 Dodging
 + Level 0.4 Stealth
 - Level 2.1 Spellcasting
 + Level 4.0 Charms


You had 5 spell levels left.
You knew the following spells:

 Your Spells              Type           Power        Failure   Level  Hunger
a - Infusion              Chrm           ##..         7%          1    ##.....

Your spell library contained the following spells:

 Spells                   Type           Power        Failure   Level  Hunger
 Song of Slaying          Chrm           ##......     11%         2    ###....
 Shroud of Golubria       Chrm/Tloc      #.........   24%         2    ###....
 Regeneration             Chrm/Necr      #.........   43%         3    ####...
 Spectral Weapon          Hex/Chrm       #.......     43%         3    ####...


Dungeon Overview and Level Annotations

Branches:
Dungeon (2/15)

Altars:


Innate Abilities, Weirdness & Mutations

Shadows flee at your approach. (+LOS)
You can swim through water.
You cover ground slowly.
You can hop short distances.


Message History

Your Charms skill increases to level 4!
The adder barely misses you.
You hit the adder.
The adder is severely wounded.
The adder bites you but does no damage.
You aren't carrying any potions.
Okay, then.
You miss the adder.
The adder is severely wounded.
Your magical infusion is running out.
* * * LOW HITPOINT WARNING * * *
You feel sick. The adder barely misses you. The adder closely misses you.
You hit the adder.
You kill the adder!
You have reached level 3!
Your experience leads to an increase in your attributes!
Your base attributes are Str 12, Int 13, Dex 11.
Increase (S)trength, (I)ntelligence, or (D)exterity?
You feel stronger.
You die...

# #####
##.#..<##
##.......#
#........#
##...>..@#
.....#...†(..#
###.###.#.####
#. #....# #
......#
###....#
##.#.# #.#.#
#.#.#


There were no monsters in sight!

Vanquished Creatures
  An adder (D:2)
  A worm (D:2)
  2 bats (D:1)
  A giant cockroach (D:2)
  2 goblins (D:1)
  3 hobgoblins
  A ball python (D:1)
  2 frilled lizards (D:1)
  4 kobolds (D:1)
  A rat (D:1)
18 creatures vanquished.

Notes
Turn   | Place    | Note
-------+----------+-------------------------------------------
     0 | D:1      | Starchild the Barachi Skald began the quest for the Orb.
     0 | D:1      | Reached XP level 1. HP: 17/17 MP: 3/3
   529 | D:1      | Reached XP level 2. HP: 23/23 MP: 5/5
   892 | D:2      | HP: 1/23 [worm (4)]
  1195 | D:2      | Reached skill level 4 in Charms
  1197 | D:2      | HP: 1/23 [poisoned by an adder]
  1198 | D:2      | Reached XP level 3. HP: 1/28 MP: 1/6
  1200 | D:2      | Succumbed to an adder's poison

Skill      XL: |  1  2 |
---------------+-------+-----
Long Blades    | 3 |  3.2
Charms         | 4 |  4.0
Fighting       | |  2.4
Armour         | |  1.2
Dodging        | |  2.1
Stealth        | |  0.4
Spellcasting   | |  2.1

Action                   || total
-------------------------++-------
Melee: Falchion          ||    49
 Cast: Infusion          ||     1
  Use: Potion            ||     1
 Stab: Sleeping          ||     1
Armor: Leather armour    ||    11
Dodge: Dodged            ||    29
       Rpst.: Falchion   ||     8
